Panthers vs Capitals

Created - February 13, 2021 at 20:40

Goals
1 2 3 T
Panthers 2 1 1 4
Capitals 0 0 2 2
Shots
1 2 3 T
Panthers 10 9 8 27
Capitals 9 14 10 33

1st period

1. Panthers , Drew Stafford 16 (Matt Duchene 47, Alex Galchenyuk 28) at 15:58
2. Panthers , Jeff Skinner 13 (Radko Gudas 12, Erik Gudbranson 16) at 17:51

Penalties :
Travis Zajac (Flo) for Hooking (Minor) at 0:16, Patrick Sharp (Was) for Holding Stick (Minor) at 5:40, Stefan Ruzicka (Flo) for Hooking (Minor) at 9:02

2nd period

3. Panthers , Alex Galchenyuk 28 (Matt Duchene 48) at 3:41

Penalties :
Ryan Strome (Flo) for Interference (Minor) at 0:42, Patrick Sharp (Was) for Roughing (Minor) at 3:52, David Booth (Flo) for Hooking (Minor) at 6:27, Radko Gudas (Flo) for Tripping (Minor) at 12:26

3rd period

4. Capitals , Derek Roy 23 (Brent Burns 27, Joe Pavelski 29) at 0:26
5. Panthers , Matt Duchene 12 (Drew Stafford 13, Radko Gudas 13) at 9:30
6. Capitals , Derek Roy 24 (Patrick Sharp 21) at 17:01

Penalties :
Chad Larose (Flo) for Hooking (Minor) at 6:08, Mike Green (Was) for Tripping (Minor) at 13:58, Joe Pavelski (Was) for Hooking (Minor) at 19:52

Goalie Stats

Petr Mrazek (Flo), 31 saves from 33 shots - (0.939), W, 18-16-1, 60:00 minutes
Marc-André Fleury (Was), 23 saves from 27 shots - (0.852), L, 16-13-7, 60:00 minutes

Players Stats for Panthers

Player Name              G  A  P  +/- PIM S  H  SB GA TA FO     MP     PP MP  PK MP  
------------------------------------------------------------------------------------
Alex Galchenyuk          1  1  2   1  0   5  1  0  0  0  0/2    19:11   3:04   2:10 
Alex Goligoski           0  0  0  -1  0   0  1  2  0  1  0/0    22:20   2:13   5:14 
Andrei Kostitsyn         0  0  0   0  0   1  0  0  0  0  0/0    14:46   2:55   0:15 
Brandon Gormley          0  0  0  -1  0   2  0  1  0  1  0/0    16:24   2:13   0:00 
Chad Larose              0  0  0   0  2   0  1  1  0  0  0/0    11:11   0:00   3:42 
David Booth              0  0  0   0  2   2  0  0  0  0  0/0     7:38   0:10   0:00 
Drew Stafford            1  1  2   1  0   3  2  0  0  1  1/2    21:59   2:59   6:03 
Erik Gudbranson          0  1  1   3  0   3  4  3  1  2  0/0    28:05   3:51   6:40 
Jeff Skinner             1  0  1   1  0   1  0  0  0  0  0/1     9:17   0:00   0:00 
Jonathan Sigalet         0  0  0   0  0   0  0  0  0  0  0/0    11:25   0:00   1:08 
Kyle Wellwood            0  0  0   0  0   0  1  0  0  0  1/5     7:28   0:00   0:00 
Matt Duchene             1  2  3   1  0   4  2  0  0  0  17/23  18:30   3:09   2:18 
Max Reinhart             0  0  0   1  0   2  1  0  0  0  3/9    16:14   0:00   6:13 
Radko Gudas              0  2  2   3  2   1  1  3  3  0  0/0    24:24   3:51   4:06 
Ryan Strome              0  0  0   1  2   0  0  0  0  0  0/0     9:34   0:05   0:00 
Stefan Ruzicka           0  0  0   0  2   2  0  0  0  0  0/0    14:05   2:55   0:00 
Taylor Chorney           0  0  0   0  0   0  0  2  0  0  0/0    18:16   0:00   6:40 
Travis Zajac             0  0  0   0  2   1  0  0  3  0  7/13   17:13   2:55   3:07 

Players Stats for Capitals

Player Name              G  A  P  +/- PIM S  H  SB GA TA FO     MP     PP MP  PK MP  
------------------------------------------------------------------------------------
Alexander Steen          0  0  0  -1  0   1  1  1  0  0  0/0    12:57   0:00   1:05 
Brent Burns              0  1  1   0  0   1  1  2  1  1  0/0    27:43   6:42   3:26 
Derek Roy                2  0  2   2  0   4  1  0  1  0  14/32  22:45   6:14   3:12 
Duncan Keith             0  0  0  -1  0   1  0  3  0  0  0/0    12:08   0:00   0:12 
Dustin Brown             0  0  0  -1  0   0  3  0  0  0  0/0     8:59   0:29   1:48 
Jamie Benn               0  0  0  -2  0   1  0  1  0  0  0/1    15:21   5:21   0:00 
Jason Pominville         0  0  0  -2  0   3  1  0  0  0  0/0    17:29   5:21   1:51 
Joe Pavelski             0  1  1   2  2   7  0  1  0  1  0/1    22:31   5:52   3:06 
Marc-Édouard Vlasic      0  0  0  -1  0   0  2  1  0  0  0/0    20:21   5:12   2:38 
Mike Green               0  0  0   0  2   0  0  3  1  1  0/0    26:37   6:42   2:11 
Mikko Koivu              0  0  0  -1  0   1  2  0  0  0  4/7    12:22   0:31   0:00 
Ondrej Palat             0  0  0  -1  0   0  0  0  1  0  0/0     6:15   0:00   0:00 
Patrick Sharp            0  1  1   2  4   1  2  1  0  1  1/1    20:10   6:02   0:30 
Ryan Getzlaf             0  0  0  -2  0   5  0  0  0  0  7/11   15:21   5:21   0:00 
Ryan Nugent-Hopkins      0  0  0  -1  0   0  0  0  0  0  0/2     7:05   0:00   0:36 
Ryan Suter               0  0  0  -1  0   1  0  1  0  0  0/0    12:59   0:00   1:03 
T.J. Oshie               0  0  0  -1  0   5  1  0  1  1  0/0    12:28   0:31   0:00 
Trevor Daley             0  0  0  -1  0   2  0  1  0  2  0/0    20:21   5:12   2:38 

3 Stars

1 - Matt Duchene (Flo)
2 - Derek Roy (Was)
3 - Drew Stafford (Flo)

Power Play

Panthers - 0 on 4 Attempt(s) - 0.00%
Capitals - 0 on 6 Attempt(s) - 0.00%

Penalty Kill

Panthers - 6 on 6 Attempt(s) - 100.00% - Score 0 goal in Penalty Kill
Capitals - 4 on 4 Attempt(s) - 100.00% - Score 0 goal in Penalty Kill

Team Stat

Panthers - Hits : 14 - Faceoff Wins : 29 - Blocked Shots : 12 - Penalty Minutes : 12
Capitals - Hits : 14 - Faceoff Wins : 26 - Blocked Shots : 15 - Penalty Minutes : 8

Official

Referees : Unknown
Linesman : Unknown

Game Notes

9:49 of 2nd period - Capitals goal is going for a video replay. After video review, No Goal. The puck has been directed, batted or thrown into the net by an attacking player other than with a stick.

Finance

Level 1 -- Attendance: 6000 (100.00%) -- Ticket Income $612,000
Level 2 -- Attendance: 5000 (100.00%) -- Ticket Income $260,000
Level 3 -- Attendance: 1901 (95.05%) -- Ticket Income $79,842
Level 4 -- Attendance: 4000 (100.00%) -- Ticket Income $104,000
Luxury Box -- Attendance: 877 (87.70%) -- Ticket Income $169,261
Game was played at the Verizon Center.
Total Attendance: 17778 (98.77%)
Total Ticket Income: $1,225,103
Other Income: $183,765
Total Income: $1,408,868

Panthers

5 vs 5 Forward 
   Center                   Left Wing                Right Wing               Time % Phy DF OF 
 1 Matt Duchene             Alex Galchenyuk          Drew Stafford            40     0   2  3  
 2 Travis Zajac             Andrei Kostitsyn         Stefan Ruzicka           30     0   2  3  
 3 Max Reinhart             Jeff Skinner             Ryan Strome              20     0   3  2  
 4 Kyle Wellwood            David Booth              Chad Larose              10     1   2  2  

5 vs 5 Defense 
   Defense                  Defense                                           Time % Phy DF OF 
 1 Erik Gudbranson          Radko Gudas                                       40     0   2  3  
 2 Alex Goligoski           Brandon Gormley                                   30     0   2  3  
 3 Taylor Chorney           Jonathan Sigalet                                  20     1   2  2  
 4 Erik Gudbranson          Alex Goligoski                                    10     0   2  3  

PowerPlay Forward 
   Center                   Left Wing                Right Wing               Time % Phy DF OF 
 1 Matt Duchene             Alex Galchenyuk          Drew Stafford            60     0   1  4  
 2 Travis Zajac             Andrei Kostitsyn         Stefan Ruzicka           40     0   1  4  

PowerPlay Defense
   Defense                  Defense                                           Time % Phy DF OF 
 1 Erik Gudbranson          Radko Gudas                                       60     0   2  3  
 2 Alex Goligoski           Brandon Gormley                                   40     0   2  3  

Penalty Kill 4 Players Forward 
   Center                   Wing                     Time % Phy DF OF 
 1 Max Reinhart             Drew Stafford            60     1   3  1  
 2 Travis Zajac             Chad Larose              40     1   3  1  

Penalty Kill 4 Players Defense
   Defense                  Defense                  Time % Phy DF OF 
 1 Erik Gudbranson          Taylor Chorney           60     1   3  1  
 2 Alex Goligoski           Radko Gudas              40     1   3  1  

Penalty Kill - 3 Players Forward 
   Forward                                           Time % Phy DF OF 
 1 Drew Stafford                                     60     1   3  1  
 2 Max Reinhart                                      40     1   3  1  

Penalty Kill - 3 Players Defense
   Defense                  Defense                  Time % Phy DF OF 
 1 Erik Gudbranson          Taylor Chorney           60     0   4  1  
 2 Alex Goligoski           Brandon Gormley          40     0   4  1  

4 vs 4 Forward 
   Center                   Wing                     Time % Phy DF OF 
 1 Matt Duchene             Alex Galchenyuk          60     0   2  3  
 2 Travis Zajac             Andrei Kostitsyn         40     0   2  3  

4 vs 4 Defense
   Defense                  Defense                  Time % Phy DF OF 
 1 Erik Gudbranson          Radko Gudas              60     0   2  3  
 2 Alex Goligoski           Brandon Gormley          40     0   2  3  

Last Minutes Offensive
   Center                   Left Wing                Right Wing               Defense                  Defense                  
   Matt Duchene             Alex Galchenyuk          Drew Stafford            Erik Gudbranson          Alex Goligoski           

Last Minutes Defensive
   Center                   Left Wing                Right Wing               Defense                  Defense                  
   Max Reinhart             David Booth              Drew Stafford            Erik Gudbranson          Taylor Chorney           

Goaltenders
Starting : Petr Mrazek              
Backup : Braden Holtby            

Extra Forwards
Normal : Jeff Skinner, Alex Galchenyuk, Matt Duchene - PP : David Booth, Alex Galchenyuk - PK : Chad Larose
Extra Defensemen
Normal : Brandon Gormley, Erik Gudbranson, Alex Goligoski - PP : Brandon Gormley - PK : Alex Goligoski, Erik Gudbranson
Penalty Shots
Alex Galchenyuk, Jeff Skinner, Kyle Wellwood, Drew Stafford, Matt Duchene

Scratches
Steve Montador (Healthy), Tomas Kopecky (Sprained Left Finger Injury), Matt Irwin (Healthy)

Capitals

5 vs 5 Forward 
   Center                   Left Wing                Right Wing               Time % Phy DF OF 
 1 Derek Roy                Patrick Sharp            Joe Pavelski             40     1   2  2  
 2 Ryan Getzlaf             Jamie Benn               Jason Pominville         30     1   2  2  
 3 Mikko Koivu              Alexander Steen          T.J. Oshie               20     1   2  2  
 4 Ryan Nugent-Hopkins      Ondrej Palat             Dustin Brown             10     1   2  2  

5 vs 5 Defense 
   Defense                  Defense                                           Time % Phy DF OF 
 1 Mike Green               Brent Burns                                       40     1   2  2  
 2 Trevor Daley             Marc-Édouard Vlasic                               30     1   2  2  
 3 Duncan Keith             Ryan Suter                                        20     1   2  2  
 4 Mike Green               Brent Burns                                       10     1   2  2  

PowerPlay Forward 
   Center                   Left Wing                Right Wing               Time % Phy DF OF 
 1 Derek Roy                Patrick Sharp            Joe Pavelski             60     1   2  2  
 2 Ryan Getzlaf             Jamie Benn               Jason Pominville         40     1   2  2  

PowerPlay Defense
   Defense                  Defense                                           Time % Phy DF OF 
 1 Mike Green               Brent Burns                                       60     1   2  2  
 2 Trevor Daley             Marc-Édouard Vlasic                               40     1   2  2  

Penalty Kill 4 Players Forward 
   Center                   Wing                     Time % Phy DF OF 
 1 Derek Roy                Joe Pavelski             60     1   2  2  
 2 Jason Pominville         Patrick Sharp            40     1   2  2  

Penalty Kill 4 Players Defense
   Defense                  Defense                  Time % Phy DF OF 
 1 Mike Green               Brent Burns              60     1   2  2  
 2 Trevor Daley             Marc-Édouard Vlasic      40     1   2  2  

Penalty Kill - 3 Players Forward 
   Forward                                           Time % Phy DF OF 
 1 Derek Roy                                         60     1   2  2  
 2 Joe Pavelski                                      40     1   2  2  

Penalty Kill - 3 Players Defense
   Defense                  Defense                  Time % Phy DF OF 
 1 Mike Green               Brent Burns              60     1   2  2  
 2 Trevor Daley             Marc-Édouard Vlasic      40     1   2  2  

4 vs 4 Forward 
   Center                   Wing                     Time % Phy DF OF 
 1 Derek Roy                Joe Pavelski             60     1   2  2  
 2 Jason Pominville         Patrick Sharp            40     1   2  2  

4 vs 4 Defense
   Defense                  Defense                  Time % Phy DF OF 
 1 Mike Green               Brent Burns              60     1   2  2  
 2 Trevor Daley             Marc-Édouard Vlasic      40     1   2  2  

Last Minutes Offensive
   Center                   Left Wing                Right Wing               Defense                  Defense                  
   Derek Roy                Patrick Sharp            Joe Pavelski             Mike Green               Brent Burns              

Last Minutes Defensive
   Center                   Left Wing                Right Wing               Defense                  Defense                  
   Derek Roy                Patrick Sharp            Joe Pavelski             Mike Green               Brent Burns              

Goaltenders
Starting : Marc-André Fleury        
Backup : Keith Kinkaid            

Extra Forwards
Normal : Mikko Koivu, T.J. Oshie, Dustin Brown - PP : Mikko Koivu, T.J. Oshie - PK : Dustin Brown
Extra Defensemen
Normal : Duncan Keith, Ryan Suter, Trevor Daley - PP : Duncan Keith - PK : Ryan Suter, Trevor Daley
Penalty Shots
Derek Roy, Joe Pavelski, Jason Pominville, Patrick Sharp, Ryan Getzlaf

Scratches
Mike Hoffman (Healthy), Jared Spurgeon (Healthy)

% Time on Ice - Panthers

Lines # - Real PCT - Wanted PCT - Time Play
Normal Forward
1 - 34% - 40% - 14:24
2 - 27% - 30% - 11:12
3 - 21% - 20% - 8:58
4 - 18% - 10% - 7:28
Normal Defense
1 - 40% - 40% - 16:52
2 - 34% - 30% - 14:11
3 - 24% - 20% - 10:17
4 - 2% - 10% - 0:42
PP Forward
1 - 52% - 60% - 3:09
2 - 48% - 40% - 2:55
PP Defense
1 - 63% - 60% - 3:51
2 - 37% - 40% - 2:13
PK Forward
1 - 66% - 60% - 7:48
2 - 34% - 40% - 4:06
PK Defense
1 - 56% - 60% - 6:40
2 - 44% - 40% - 5:14
PK3 Forward
1 - 0% - 60%
2 - 0% - 40%
PK3 Defense
1 - 0% - 60%
2 - 0% - 40%
44 Forward
1 - 0% - 60%
2 - 0% - 40%
44 Defense
1 - 0% - 60%
2 - 0% - 40%
Last Minute Offensive  - 0:00
Last Minute Defensive  - 0:00
Total
Forward - 60:00
Defense - 60:00

% Time on Ice - Capitals

Lines # - Real PCT - Wanted PCT - Time Play
Normal Forward
1 - 33% - 40% - 13:58
2 - 24% - 30% - 10:07
3 - 28% - 20% - 11:42
4 - 15% - 10% - 6:15
Normal Defense
1 - 42% - 40% - 17:35
2 - 30% - 30% - 12:31
3 - 28% - 20% - 11:56
4 - 0% - 10% - 0:00
PP Forward
1 - 55% - 60% - 6:33
2 - 45% - 40% - 5:21
PP Defense
1 - 56% - 60% - 6:42
2 - 44% - 40% - 5:12
PK Forward
1 - 70% - 60% - 4:13
2 - 30% - 40% - 1:51
PK Defense
1 - 57% - 60% - 3:26
2 - 43% - 40% - 2:38
PK3 Forward
1 - 0% - 60%
2 - 0% - 40%
PK3 Defense
1 - 0% - 60%
2 - 0% - 40%
44 Forward
1 - 0% - 60%
2 - 0% - 40%
44 Defense
1 - 0% - 60%
2 - 0% - 40%
Last Minute Offensive  - 0:00
Last Minute Defensive  - 0:00
Total
Forward - 60:00
Defense - 60:00

Play-by-Play

1st period


0:01 of 1st period - Matt Duchene wins face-off versus Derek Roy in neutral zone.
0:08 of 1st period - Slapshot by Matt Duchene.
0:08 of 1st period - Shot Hit the Post.
0:13 of 1st period - Off-side.
0:14 of 1st period - Travis Zajac wins face-off versus Ryan Getzlaf in neutral zone.
0:16 of 1st period - Minor Penalty to Travis Zajac for Hooking.
0:17 of 1st period - Derek Roy wins face-off versus Max Reinhart in Panthers zone.
2:11 of 1st period - Chad Larose is hit by Patrick Sharp and loses puck.
2:16 of 1st period - Penalty to Travis Zajac is over, Travis Zajac is back on ice.
2:46 of 1st period - Ryan Strome is hit by Dustin Brown and loses puck.
3:11 of 1st period - Snap shot by Travis Zajac.
3:11 of 1st period - Stopped by Marc-André Fleury without a rebound.
3:12 of 1st period - Travis Zajac wins face-off versus Mikko Koivu in Capitals zone.
3:21 of 1st period - Marc-Édouard Vlasic is hit by Erik Gudbranson and loses puck.
3:36 of 1st period - Alexander Steen is hit by Matt Duchene and loses puck.
4:01 of 1st period - Slapshot by Marc-Édouard Vlasic.
4:01 of 1st period - Shot Misses the Net.
4:03 of 1st period - Snap shot by Derek Roy.
4:03 of 1st period - Shot Misses the Net.
4:07 of 1st period - Snap shot by Derek Roy.
4:07 of 1st period - Shot Misses the Net.
4:09 of 1st period - Wrist shot by Patrick Sharp.
4:09 of 1st period - Stopped by Petr Mrazek without a rebound.
4:10 of 1st period - Travis Zajac wins face-off versus Derek Roy in Panthers zone.
4:43 of 1st period - Slapshot by Matt Duchene.
4:43 of 1st period - Shot Blocked by Jamie Benn.
4:55 of 1st period - Slapshot by Alex Galchenyuk.
4:55 of 1st period - Stopped by Marc-André Fleury with a rebound.
5:17 of 1st period - Max Reinhart is hit by Dustin Brown and loses puck.
5:38 of 1st period - Snap shot by David Booth.
5:38 of 1st period - Shot Blocked by Mike Green.
5:40 of 1st period - Minor Penalty to Patrick Sharp for Holding Stick.
5:41 of 1st period - Matt Duchene wins face-off versus Derek Roy in Capitals zone.
7:40 of 1st period - Penalty to Patrick Sharp is over, Patrick Sharp is back on ice.
8:42 of 1st period - Duncan Keith is hit by Drew Stafford and loses puck.
9:02 of 1st period - Minor Penalty to Stefan Ruzicka for Hooking.
9:03 of 1st period - Max Reinhart wins face-off versus Derek Roy in Panthers zone.
9:33 of 1st period - Jamie Benn is hit by Max Reinhart and loses puck.
11:02 of 1st period - Penalty to Stefan Ruzicka is over, Stefan Ruzicka is back on ice.
11:10 of 1st period - Wrist shot by T.J. Oshie.
11:10 of 1st period - Stopped by Petr Mrazek without a rebound.
11:11 of 1st period - Mikko Koivu wins face-off versus Travis Zajac in Panthers zone.
11:38 of 1st period - Alex Goligoski is hit by Marc-Édouard Vlasic and loses puck.
11:45 of 1st period - Wrist shot by Mikko Koivu.
11:45 of 1st period - Shot Blocked by Brandon Gormley.
11:49 of 1st period - Snap shot by T.J. Oshie.
11:49 of 1st period - Stopped by Petr Mrazek without a rebound.
11:50 of 1st period - Ryan Getzlaf wins face-off versus Matt Duchene in Panthers zone.
11:55 of 1st period - Snap shot by Jason Pominville.
11:55 of 1st period - Shot Misses the Net.
11:59 of 1st period - Wrist shot by Jason Pominville.
11:59 of 1st period - Stopped by Petr Mrazek without a rebound.
12:00 of 1st period - Matt Duchene wins face-off versus Ryan Getzlaf in Panthers zone.
12:07 of 1st period - Slapshot by Ryan Getzlaf.
12:07 of 1st period - Stopped by Petr Mrazek without a rebound.
12:08 of 1st period - Derek Roy wins face-off versus Alex Galchenyuk in Panthers zone.
12:09 of 1st period - Snap shot by Joe Pavelski.
12:09 of 1st period - Deflect By Drew Stafford.
12:09 of 1st period - Shot Misses the Net.
12:09 of 1st period - Puck is out of play.
12:10 of 1st period - Matt Duchene wins face-off versus Derek Roy in Panthers zone.
12:23 of 1st period - Wrist shot by Joe Pavelski.
12:23 of 1st period - Stopped by Petr Mrazek with a rebound.
13:00 of 1st period - Marc-Édouard Vlasic is hit by Erik Gudbranson and loses puck.
13:05 of 1st period - Snap shot by Erik Gudbranson.
13:05 of 1st period - Shot Misses the Net.
14:12 of 1st period - Slapshot by Jason Pominville.
14:12 of 1st period - Stopped by Petr Mrazek with a rebound.
15:09 of 1st period - Mike Green is hit by Chad Larose and loses puck.
15:15 of 1st period - Icing by Brent Burns.
15:16 of 1st period - Mikko Koivu wins face-off versus Matt Duchene in Capitals zone.
15:24 of 1st period - Wrist shot by Drew Stafford.
15:24 of 1st period - Stopped by Marc-André Fleury with a rebound.
15:37 of 1st period - Wrist shot by T.J. Oshie.
15:37 of 1st period - Stopped by Petr Mrazek without a rebound.
15:38 of 1st period - Travis Zajac wins face-off versus Derek Roy in Panthers zone.
15:54 of 1st period - Snap shot by Stefan Ruzicka.
15:54 of 1st period - Stopped by Marc-André Fleury without a rebound.
15:55 of 1st period - Matt Duchene wins face-off versus Jamie Benn in Capitals zone.
15:56 of 1st period - Slapshot by Alex Galchenyuk.
15:56 of 1st period - Stopped by Marc-André Fleury with a rebound.
15:58 of 1st period - Wrist shot by Matt Duchene.
15:58 of 1st period - Deflect By Drew Stafford.
15:58 of 1st period - Goal by Drew Stafford - Panthers : 1 - Capitals : 0.
15:59 of 1st period - Matt Duchene wins face-off versus Derek Roy in neutral zone.
16:08 of 1st period - Wrist shot by Matt Duchene.
16:08 of 1st period - Shot Misses the Net.
17:04 of 1st period - Slapshot by Alex Galchenyuk.
17:04 of 1st period - Shot Misses the Net.
17:18 of 1st period - Wrist shot by Alex Galchenyuk.
17:18 of 1st period - Deflect By Matt Duchene.
17:18 of 1st period - Shot Blocked by Mike Green.
17:18 of 1st period - Puck is out of play.
17:19 of 1st period - Derek Roy wins face-off versus Travis Zajac in Capitals zone.
17:19 of 1st period - Derek Roy is hit by Erik Gudbranson.
17:51 of 1st period - Slapshot by Radko Gudas.
17:51 of 1st period - Deflect By Jeff Skinner.
17:51 of 1st period - Goal by Jeff Skinner - Panthers : 2 - Capitals : 0.
17:52 of 1st period - Travis Zajac wins face-off versus Derek Roy in neutral zone.
17:55 of 1st period - Slapshot by Erik Gudbranson.
17:55 of 1st period - Shot Blocked by Trevor Daley.
18:40 of 1st period - Snap shot by David Booth.
18:40 of 1st period - Stopped by Marc-André Fleury without a rebound.
18:41 of 1st period - Mikko Koivu wins face-off versus Kyle Wellwood in Capitals zone.
19:15 of 1st period - Snap shot by Matt Duchene.
19:15 of 1st period - Stopped by Marc-André Fleury with a rebound.
19:24 of 1st period - Icing by Alexander Steen.
19:25 of 1st period - Travis Zajac wins face-off versus Mikko Koivu in Capitals zone.
19:30 of 1st period - Snap shot by Stefan Ruzicka.
19:30 of 1st period - Shot Blocked by Brent Burns.
19:32 of 1st period - Snap shot by Andrei Kostitsyn.
19:32 of 1st period - Stopped by Marc-André Fleury with a rebound.
19:34 of 1st period - Snap shot by Stefan Ruzicka.
19:34 of 1st period - Shot Misses the Net.
19:48 of 1st period - Slapshot by Brent Burns.
19:48 of 1st period - Shot Misses the Net.
19:56 of 1st period - Wrist shot by T.J. Oshie.
19:56 of 1st period - Stopped by Petr Mrazek without a rebound.
19:57 of 1st period - Derek Roy wins face-off versus Matt Duchene in Panthers zone.
Goals for this period are 2 for Panthers vs 0 for Capitals.
Shots for this period are 10 for Panthers vs 9 for Capitals.

2nd period


0:01 of 2nd period - Matt Duchene wins face-off versus Derek Roy in neutral zone.
0:42 of 2nd period - Minor Penalty to Ryan Strome for Interference.
0:43 of 2nd period - Ryan Getzlaf wins face-off versus Drew Stafford in Panthers zone.
1:08 of 2nd period - Max Reinhart is hit by Derek Roy and loses puck.
2:42 of 2nd period - Penalty to Ryan Strome is over, Ryan Strome is back on ice.
3:37 of 2nd period - Wrist shot by Matt Duchene.
3:37 of 2nd period - Stopped by Marc-André Fleury without a rebound.
3:38 of 2nd period - Matt Duchene wins face-off versus Ryan Nugent-Hopkins in Capitals zone.
3:41 of 2nd period - Slapshot by Alex Galchenyuk.
3:41 of 2nd period - Goal by Alex Galchenyuk - Panthers : 3 - Capitals : 0.
3:42 of 2nd period - Matt Duchene wins face-off versus Derek Roy in neutral zone.
3:45 of 2nd period - Snap shot by Erik Gudbranson.
3:45 of 2nd period - Stopped by Marc-André Fleury without a rebound.
3:46 of 2nd period - Drew Stafford wins face-off versus Derek Roy in Capitals zone.
3:52 of 2nd period - Minor Penalty to Patrick Sharp for Roughing.
3:53 of 2nd period - Matt Duchene wins face-off versus Joe Pavelski in Capitals zone.
3:53 of 2nd period - Snap shot by Alex Galchenyuk.
3:53 of 2nd period - Stopped by Marc-André Fleury with a rebound.
3:55 of 2nd period - Slapshot by Radko Gudas.
3:55 of 2nd period - Stopped by Marc-André Fleury without a rebound.
3:56 of 2nd period - Matt Duchene wins face-off versus Derek Roy in Capitals zone.
4:05 of 2nd period - Mike Green is hit by Drew Stafford.
5:52 of 2nd period - Penalty to Patrick Sharp is over, Patrick Sharp is back on ice.
6:05 of 2nd period - Slapshot by David Booth.
6:05 of 2nd period - Stopped by Marc-André Fleury without a rebound.
6:06 of 2nd period - Ryan Getzlaf wins face-off versus Kyle Wellwood in Capitals zone.
6:13 of 2nd period - Wrist shot by Jason Pominville.
6:13 of 2nd period - Shot Misses the Net.
6:15 of 2nd period - Snap shot by Jamie Benn.
6:15 of 2nd period - Shot Misses the Net.
6:21 of 2nd period - Snap shot by Jason Pominville.
6:21 of 2nd period - Shot Misses the Net.
6:27 of 2nd period - Minor Penalty to David Booth for Hooking.
6:28 of 2nd period - Derek Roy wins face-off versus Max Reinhart in Panthers zone.
6:41 of 2nd period - Wrist shot by Derek Roy.
6:41 of 2nd period - Shot Misses the Net.
6:46 of 2nd period - Off-side.
6:47 of 2nd period - Max Reinhart wins face-off versus Ryan Getzlaf in neutral zone.
7:12 of 2nd period - Max Reinhart is hit by Patrick Sharp and loses puck.
8:27 of 2nd period - Penalty to David Booth is over, David Booth is back on ice.
8:36 of 2nd period - Stefan Ruzicka is hit by Dustin Brown and loses puck.
8:54 of 2nd period - Slapshot by Mikko Koivu.
8:54 of 2nd period - Shot Blocked by Alex Goligoski.
9:47 of 2nd period - Snap shot by Mikko Koivu.
9:47 of 2nd period - Shot Misses the Net.
9:49 of 2nd period - Slapshot by Mikko Koivu.
9:49 of 2nd period - Deflect By T.J. Oshie.
9:49 of 2nd period - Capitals goal is going for a video replay.
9:49 of 2nd period - The goal is refused. The puck has been directed, batted or thrown into the net by an attacking player other than with a stick..
9:50 of 2nd period - Mikko Koivu wins face-off versus Travis Zajac in Panthers zone.
10:16 of 2nd period - Duncan Keith is hit by Alex Galchenyuk and loses puck.
10:25 of 2nd period - Backhand shot by Alex Galchenyuk.
10:25 of 2nd period - Shot Blocked by Patrick Sharp.
10:39 of 2nd period - Taylor Chorney is hit by Jason Pominville and loses puck.
11:05 of 2nd period - Snap shot by Kyle Wellwood.
11:05 of 2nd period - Deflect By David Booth.
11:05 of 2nd period - Shot Misses the Net.
11:05 of 2nd period - Puck is out of play.
11:06 of 2nd period - Matt Duchene wins face-off versus Ryan Nugent-Hopkins in Capitals zone.
11:35 of 2nd period - Wrist shot by Derek Roy.
11:35 of 2nd period - Shot Misses the Net.
11:41 of 2nd period - Slapshot by Patrick Sharp.
11:41 of 2nd period - Shot Misses the Net.
11:53 of 2nd period - Backhand shot by David Booth.
11:53 of 2nd period - Shot Blocked by Joe Pavelski.
12:01 of 2nd period - Snap shot by Derek Roy.
12:01 of 2nd period - Shot Blocked by Chad Larose.
12:03 of 2nd period - Snap shot by Joe Pavelski.
12:03 of 2nd period - Stopped by Petr Mrazek with a rebound.
12:05 of 2nd period - Snap shot by Joe Pavelski.
12:05 of 2nd period - Stopped by Petr Mrazek with a rebound.
12:17 of 2nd period - Wrist shot by Joe Pavelski.
12:17 of 2nd period - Shot Misses the Net.
12:26 of 2nd period - Minor Penalty to Radko Gudas for Tripping.
12:27 of 2nd period - Ryan Getzlaf wins face-off versus Max Reinhart in Panthers zone.
12:31 of 2nd period - Snap shot by Ryan Getzlaf.
12:31 of 2nd period - Stopped by Petr Mrazek with a rebound.
12:33 of 2nd period - Wrist shot by Brent Burns.
12:33 of 2nd period - Shot Misses the Net.
12:35 of 2nd period - Snap shot by Jamie Benn.
12:35 of 2nd period - Stopped by Petr Mrazek with a rebound.
12:37 of 2nd period - Wrist shot by Jason Pominville.
12:37 of 2nd period - Shot Misses the Net.
12:39 of 2nd period - Snap shot by Ryan Getzlaf.
12:39 of 2nd period - Shot Blocked by Taylor Chorney.
12:41 of 2nd period - Slapshot by Brent Burns.
12:41 of 2nd period - Stopped by Petr Mrazek with a rebound.
12:53 of 2nd period - Mike Green is hit by Erik Gudbranson.
13:37 of 2nd period - Patrick Sharp is hit by Alex Goligoski and loses puck.
14:00 of 2nd period - Mikko Koivu is hit by Matt Duchene and loses puck.
14:26 of 2nd period - Penalty to Radko Gudas is over, Radko Gudas is back on ice.
15:18 of 2nd period - Wrist shot by Radko Gudas.
15:18 of 2nd period - Shot Misses the Net.
15:20 of 2nd period - Snap shot by Max Reinhart.
15:20 of 2nd period - Stopped by Marc-André Fleury without a rebound.
15:21 of 2nd period - Ryan Getzlaf wins face-off versus Travis Zajac in Capitals zone.
15:48 of 2nd period - Mike Green is hit by Kyle Wellwood and loses puck.
16:26 of 2nd period - Snap shot by Jason Pominville.
16:26 of 2nd period - Stopped by Petr Mrazek with a rebound.
16:28 of 2nd period - Wrist shot by Ryan Getzlaf.
16:28 of 2nd period - Stopped by Petr Mrazek with a rebound.
16:40 of 2nd period - Wrist shot by Ryan Getzlaf.
16:40 of 2nd period - Stopped by Petr Mrazek with a rebound.
16:42 of 2nd period - Snap shot by Jamie Benn.
16:42 of 2nd period - Shot Misses the Net.
16:44 of 2nd period - Slapshot by Jason Pominville.
16:44 of 2nd period - Shot Misses the Net.
16:46 of 2nd period - Slapshot by Trevor Daley.
16:46 of 2nd period - Deflect By Jonathan Sigalet.
16:46 of 2nd period - Stopped by Petr Mrazek without a rebound.
16:47 of 2nd period - Derek Roy wins face-off versus Kyle Wellwood in Panthers zone.
16:48 of 2nd period - Snap shot by Joe Pavelski.
16:48 of 2nd period - Shot Blocked by Radko Gudas.
16:52 of 2nd period - Slapshot by Patrick Sharp.
16:52 of 2nd period - Deflect By Derek Roy.
16:52 of 2nd period - Stopped by Petr Mrazek with a rebound.
17:03 of 2nd period - Snap shot by Patrick Sharp.
17:03 of 2nd period - Shot Misses the Net.
17:17 of 2nd period - Slapshot by Alex Galchenyuk.
17:17 of 2nd period - Shot Misses the Net.
17:47 of 2nd period - Wrist shot by Mikko Koivu.
17:47 of 2nd period - Stopped by Petr Mrazek without a rebound.
17:48 of 2nd period - Kyle Wellwood wins face-off versus Derek Roy in Panthers zone.
17:59 of 2nd period - Slapshot by Erik Gudbranson.
17:59 of 2nd period - Shot Misses the Net.
18:01 of 2nd period - Slapshot by Erik Gudbranson.
18:01 of 2nd period - Shot Blocked by Mike Green.
18:38 of 2nd period - Wrist shot by Max Reinhart.
18:38 of 2nd period - Stopped by Marc-André Fleury without a rebound.
18:39 of 2nd period - Derek Roy wins face-off versus Max Reinhart in Capitals zone.
18:50 of 2nd period - Backhand shot by Joe Pavelski.
18:50 of 2nd period - Stopped by Petr Mrazek with a rebound.
18:52 of 2nd period - Wrist shot by Joe Pavelski.
18:52 of 2nd period - Shot Misses the Net.
18:54 of 2nd period - Snap shot by Joe Pavelski.
18:54 of 2nd period - Stopped by Petr Mrazek with a rebound.
18:56 of 2nd period - Slapshot by Marc-Édouard Vlasic.
18:56 of 2nd period - Shot Blocked by Alex Goligoski.
19:13 of 2nd period - Wrist shot by Matt Duchene.
19:13 of 2nd period - Stopped by Marc-André Fleury with a rebound.
Goals for this period are 1 for Panthers vs 0 for Capitals.
Shots for this period are 9 for Panthers vs 14 for Capitals.

3rd period


0:01 of 3rd period - Matt Duchene wins face-off versus Derek Roy in neutral zone.
0:06 of 3rd period - Slapshot by Erik Gudbranson.
0:06 of 3rd period - Stopped by Marc-André Fleury with a rebound.
0:12 of 3rd period - Slapshot by Mike Green.
0:12 of 3rd period - Deflect By Derek Roy.
0:12 of 3rd period - Shot Blocked by Radko Gudas.
0:12 of 3rd period - Puck is out of play.
0:13 of 3rd period - Derek Roy wins face-off versus Alex Galchenyuk in Panthers zone.
0:14 of 3rd period - Snap shot by Patrick Sharp.
0:14 of 3rd period - Shot Misses the Net.
0:16 of 3rd period - Snap shot by Joe Pavelski.
0:16 of 3rd period - Stopped by Petr Mrazek with a rebound.
0:18 of 3rd period - Snap shot by Joe Pavelski.
0:18 of 3rd period - Shot Misses the Net.
0:20 of 3rd period - Slapshot by Brent Burns.
0:20 of 3rd period - Shot Blocked by Radko Gudas.
0:24 of 3rd period - Wrist shot by Joe Pavelski.
0:24 of 3rd period - Shot Blocked by Erik Gudbranson.
0:26 of 3rd period - Snap shot by Brent Burns.
0:26 of 3rd period - Deflect By Derek Roy.
0:26 of 3rd period - Deflect By Drew Stafford.
0:26 of 3rd period - Goal by Derek Roy - Panthers : 3 - Capitals : 1.
0:27 of 3rd period - Derek Roy wins face-off versus Matt Duchene in neutral zone.
0:56 of 3rd period - Wrist shot by Jason Pominville.
0:56 of 3rd period - Shot Misses the Net.
1:21 of 3rd period - Off-side.
1:22 of 3rd period - Derek Roy wins face-off versus Jeff Skinner in neutral zone.
1:52 of 3rd period - Snap shot by Max Reinhart.
1:52 of 3rd period - Shot Blocked by Brent Burns.
2:00 of 3rd period - Slapshot by Brandon Gormley.
2:00 of 3rd period - Stopped by Marc-André Fleury without a rebound.
2:01 of 3rd period - Matt Duchene wins face-off versus Ryan Getzlaf in Capitals zone.
2:14 of 3rd period - Wrist shot by Alex Galchenyuk.
2:14 of 3rd period - Stopped by Marc-André Fleury with a rebound.
3:01 of 3rd period - Snap shot by David Booth.
3:01 of 3rd period - Shot Misses the Net.
3:03 of 3rd period - Slapshot by Brandon Gormley.
3:03 of 3rd period - Shot Misses the Net.
3:15 of 3rd period - Snap shot by Joe Pavelski.
3:15 of 3rd period - Shot Misses the Net.
3:47 of 3rd period - Wrist shot by Jamie Benn.
3:47 of 3rd period - Shot Misses the Net.
4:01 of 3rd period - Slapshot by Travis Zajac.
4:01 of 3rd period - Shot Misses the Net.
4:03 of 3rd period - Wrist shot by Stefan Ruzicka.
4:03 of 3rd period - Shot Misses the Net.
4:05 of 3rd period - Wrist shot by Brandon Gormley.
4:05 of 3rd period - Stopped by Marc-André Fleury with a rebound.
4:07 of 3rd period - Wrist shot by Andrei Kostitsyn.
4:07 of 3rd period - Shot Misses the Net.
4:23 of 3rd period - Snap shot by Duncan Keith.
4:23 of 3rd period - Shot Blocked by Erik Gudbranson.
5:10 of 3rd period - Snap shot by Stefan Ruzicka.
5:10 of 3rd period - Stopped by Marc-André Fleury with a rebound.
5:44 of 3rd period - Max Reinhart is hit by Mikko Koivu and loses puck.
6:08 of 3rd period - Minor Penalty to Chad Larose for Hooking.
6:09 of 3rd period - Max Reinhart wins face-off versus Derek Roy in Panthers zone.
6:26 of 3rd period - Off-side.
6:27 of 3rd period - Ryan Getzlaf wins face-off versus Max Reinhart in neutral zone.
6:59 of 3rd period - Drew Stafford is hit by Marc-Édouard Vlasic.
8:08 of 3rd period - Penalty to Chad Larose is over, Chad Larose is back on ice.
8:28 of 3rd period - Alex Goligoski is hit by T.J. Oshie and loses puck.
8:43 of 3rd period - Snap shot by Ryan Nugent-Hopkins.
8:43 of 3rd period - Shot Misses the Net.
8:45 of 3rd period - Wrist shot by Duncan Keith.
8:45 of 3rd period - Stopped by Petr Mrazek with a rebound.
8:47 of 3rd period - Slapshot by Ryan Suter.
8:47 of 3rd period - Stopped by Petr Mrazek without a rebound.
8:48 of 3rd period - Matt Duchene wins face-off versus Mikko Koivu in Panthers zone.
8:57 of 3rd period - Slapshot by Radko Gudas.
8:57 of 3rd period - Shot Blocked by Ryan Suter.
9:09 of 3rd period - Drew Stafford is hit by Mikko Koivu and loses puck.
9:20 of 3rd period - Snap shot by Alex Galchenyuk.
9:20 of 3rd period - Shot Blocked by Duncan Keith.
9:22 of 3rd period - Wrist shot by Matt Duchene.
9:22 of 3rd period - Shot Blocked by Duncan Keith.
9:24 of 3rd period - Slapshot by Radko Gudas.
9:24 of 3rd period - Shot Blocked by Duncan Keith.
9:26 of 3rd period - Slapshot by Radko Gudas.
9:26 of 3rd period - Shot Blocked by Alexander Steen.
9:28 of 3rd period - Wrist shot by Drew Stafford.
9:28 of 3rd period - Shot Misses the Net.
9:30 of 3rd period - Snap shot by Matt Duchene.
9:30 of 3rd period - Goal by Matt Duchene - Panthers : 4 - Capitals : 1.
9:31 of 3rd period - Patrick Sharp wins face-off versus Travis Zajac in neutral zone.
9:40 of 3rd period - Snap shot by Joe Pavelski.
9:40 of 3rd period - Stopped by Petr Mrazek with a rebound.
10:21 of 3rd period - Wrist shot by Max Reinhart.
10:21 of 3rd period - Shot Blocked by Marc-Édouard Vlasic.
11:43 of 3rd period - Jamie Benn is hit by Radko Gudas and loses puck.
11:59 of 3rd period - Snap shot by Jamie Benn.
11:59 of 3rd period - Shot Misses the Net.
12:01 of 3rd period - Snap shot by Jason Pominville.
12:01 of 3rd period - Shot Misses the Net.
12:03 of 3rd period - Slapshot by Trevor Daley.
12:03 of 3rd period - Stopped by Petr Mrazek without a rebound.
12:04 of 3rd period - Travis Zajac wins face-off versus Derek Roy in Panthers zone.
12:33 of 3rd period - Brandon Gormley is hit by Alexander Steen and loses puck.
12:58 of 3rd period - Slapshot by Erik Gudbranson.
12:58 of 3rd period - Stopped by Marc-André Fleury without a rebound.
12:59 of 3rd period - Derek Roy wins face-off versus Kyle Wellwood in Capitals zone.
13:04 of 3rd period - Wrist shot by Derek Roy.
13:04 of 3rd period - Stopped by Petr Mrazek with a rebound.
13:49 of 3rd period - Slapshot by Duncan Keith.
13:49 of 3rd period - Shot Blocked by Erik Gudbranson.
13:58 of 3rd period - Minor Penalty to Mike Green for Tripping.
13:59 of 3rd period - Matt Duchene wins face-off versus Derek Roy in Capitals zone.
13:59 of 3rd period - Snap shot by Drew Stafford.
13:59 of 3rd period - Stopped by Marc-André Fleury without a rebound.
14:00 of 3rd period - Derek Roy wins face-off versus Matt Duchene in Capitals zone.
15:58 of 3rd period - Penalty to Mike Green is over, Mike Green is back on ice.
16:07 of 3rd period - Slapshot by Alexander Steen.
16:07 of 3rd period - Stopped by Petr Mrazek without a rebound.
16:08 of 3rd period - Ryan Getzlaf wins face-off versus Max Reinhart in Panthers zone.
16:13 of 3rd period - Slapshot by Jamie Benn.
16:13 of 3rd period - Shot Misses the Net.
16:36 of 3rd period - Wrist shot by Jeff Skinner.
16:36 of 3rd period - Shot Misses the Net.
16:57 of 3rd period - Wrist shot by Ryan Getzlaf.
16:57 of 3rd period - Stopped by Petr Mrazek without a rebound.
16:58 of 3rd period - Derek Roy wins face-off versus Matt Duchene in Panthers zone.
17:01 of 3rd period - Snap shot by Derek Roy.
17:01 of 3rd period - Goal by Derek Roy - Panthers : 4 - Capitals : 2.
17:02 of 3rd period - Matt Duchene wins face-off versus Derek Roy in neutral zone.
17:29 of 3rd period - Max Reinhart is hit by Brent Burns and loses puck.
18:35 of 3rd period - Snap shot by Patrick Sharp.
18:35 of 3rd period - Shot Blocked by Taylor Chorney.
19:52 of 3rd period - Minor Penalty to Joe Pavelski for Hooking.
19:53 of 3rd period - Derek Roy wins face-off versus Travis Zajac in Capitals zone.
Goals for this period are 1 for Panthers vs 2 for Capitals.
Shots for this period are 8 for Panthers vs 10 for Capitals.